 Dungeon Crawl Stone Soup version 0.20.1-1-g8b1a95d (webtiles) character file.

66041 Mesmaeker13 the Lord of Darkness (level 14, 0/68 HPs)
             Began as a Deep Elf Conjurer on Aug 18, 2017.
             Was the Champion of Kikubaaqudgha.
             Slain by a sixfirhy (11 damage)
             ... summoned by an orc high priest
             ... on level 2 of the Orcish Mines.
             The game lasted 01:39:25 (28599 turns).

Mesmaeker13 the Lord of Darkness (DECj)            Turns: 28599, Time: 01:39:27

Health: 0/68       AC: 10    Str:  9    XL:     14   Next: 77%
Magic:  5/30       EV: 23    Int: 22    God:    Kikubaaqudgha [******]
Gold:   1940       SH:  7    Dex: 15    Spells: 6/33 levels left

rFire    + . .     SeeInvis .   E - +1 short sword (venom)
rCold    . . .     Gourm    .   D - +2 buckler {rF+}
rNeg     . . .     Faith    .   C - +1 leather armour {rPois}
rPois    +         Spirit   .   P - +2 helmet
rElec    .         Reflect  .   I - +0 cloak
rCorr    +         Harm     .   (no gloves)
MR       ++...                  q - +0 pair of boots
Stlth    ++........             f - amulet of magic regeneration
Regen    0.3/turn               N - ring of protection from magic
MPRegen  0.4/turn               V - ring of resist corrosion

@: death channel
A: no striking features
a: Receive Corpses, Torment, Brand Weapon With Pain, Receive Necronomicon,
Renounce Religion


You were on level 2 of the Orcish Mines.
You worshipped Kikubaaqudgha.
Kikubaaqudgha was exalted by your worship.
You were near starving.

You visited 4 branches of the dungeon, and saw 22 of its levels.
You visited the Abyss 1 time.

You collected 2100 gold pieces.
You spent 160 gold pieces at shops.

Inventory:

Hand Weapons
 i - a +3 scimitar
 E - a +1 short sword of venom (weapon)
 Q - a +2 long sword of holy wrath
Missiles
 m - 6 curare-tipped needles
 z - 2 throwing nets (quivered)
Armour
 q - a +0 pair of boots (worn)
 B - a scarf of resistance
 C - a +1 leather armour of poison resistance (worn)
 D - a +2 buckler of fire resistance (worn)
 I - a +0 cloak (worn)
 P - a +2 helmet (worn)
Jewellery
 f - an amulet of magic regeneration (around neck)
 N - a ring of protection from magic (left hand)
 V - a ring of resist corrosion (right hand)
Wands
 A - a wand of digging (4/24)
Scrolls
 e - 9 scrolls of remove curse
 g - a scroll of enchant weapon
 h - 2 scrolls of immolation
 t - 6 scrolls of teleportation
 w - a scroll of fog {unknown}
 y - 2 scrolls of magic mapping
 S - 2 scrolls of fear
 T - a scroll of blinking {unknown}
 U - a scroll of summoning
Potions
 a - a potion of brilliance {unknown}
 d - a potion of haste
 j - 3 potions of curing
 o - 2 potions of cancellation {unknown}
 u - a potion of ambrosia {unknown}
 v - 5 potions of agility
 x - a potion of flight {unknown}
 G - a potion of resistance {unknown}
 J - a potion of might
Books
 l - a book of Minor Magic

   Spells                             Type                      Level
   a - Magic Dart                     Conjuration                  1
   b - Blink                          Translocation                2
   c - Call Imp                       Summoning                    2
   d - Slow                           Hexes                        2
   e - Conjure Flame                  Conjuration/Fire             3
   f - Mephitic Cloud                 Conjuration/Poison/Air       3
 F - a book of Summonings

   Spells                             Type                      Level
   a - Recall                         Summoning/Translocation      3
   b - Aura of Abjuration             Summoning                    5
   c - Summon Demon                   Summoning                    5
   d - Summon Forest                  Summoning/Translocation      5
   e - Summon Mana Viper              Hexes/Summoning              5
   f - Shadow Creatures               Summoning                    6
Comestibles
 c - 6 bread rations
 k - 2 royal jellies


   Skills:
 + Level 5.6 Armour
 - Level 17.1 Dodging
 - Level 2.4 Stealth
 - Level 4.0 Shields
 - Level 10.0 Spellcasting
 + Level 10.5 Conjurations
 - Level 5.1 Charms
 + Level 17.4 Necromancy
 - Level 5.0 Translocations


You had 6 spell levels left.
You knew the following spells:

 Your Spells              Type           Power        Failure   Level  Hunger
a - Dispel Undead         Necr           ######..     1%          5    ####...
b - Bolt of Draining      Conj/Necr      ######....   1%          5    ####...
c - Blink                 Tloc           N/A          1%          2    None
d - Force Lance           Conj/Tloc      #####...     3%          4    ##.....
e - Regeneration          Chrm/Necr      ######....   1%          3    None
f - Corpse Rot            Necr           N/A          0%          2    None
g - Death Channel         Necr           ######....   1%          6    ######.


Dungeon Overview and Level Annotations

Branches:
Dungeon (13/15)            Temple (1/1) D:6            Lair (6/6) D:10
  Swamp (0/4) Lair:2       Spider (0/4) Lair:2        Slime (0/5) Lair:5
    Orc (2/2) D:11            Elf (0/3) Orc:2
 Vaults: D:13-14

Altars:
Ashenzari
Cheibriados
Dithmenos
Elyvilon
Fedhas
Gozag
Hepliaklqana
Kikubaaqudgha
Makhleb
Nemelex Xobeh
Okawaru
Qazlal
Ru
Sif Muna
Trog
Uskayaw
Vehumet
Xom
Yredelemnul
Zin
The Shining One
Beogh
Jiyva

Shops:
D:5 =(?:*   Orc:1 }

Annotations:
Lair:4 exclusion: oklob plant


Message History

The sixfirhy shocks you!
* * * LOW HITPOINT WARNING * * *
The sixfirhy barely misses you.
You see here a tomahawk.
You see here a short sword.
Unknown command.
You feel much better. The sixfirhy hits you! The sixfirhy shocks you!
* * * LOW HITPOINT WARNING * * *
You block the sixfirhy's attack.
Wield which item (- for none, * to show all)? (? for menu, Esc to quit)
Okay, then.
Okay, then.
You feel better.
The orc no longer looks unusually strong.
The sixfirhy hits you!
* * * LOW HITPOINT WARNING * * *
The sixfirhy shocks you!
You die...
Kikubaaqudgha rasps: "You have failed me!
Welcome... death!"

##.## ####### ##...## ###.....###
## #.....# ###.........#
.#####...### ##............
..##.#.....## #####..o..........
.#....#.....# ##.#.#[#.#.#o#o#.#.
....)#.....## #....[(.....Zooo...
#...........###..)(().oo.....3.o.
.............#..@3...o.o.........
#......)......).#..#.#.#.#.#.#.#.
##....[).....#...#.#.............
.#.....#.....##.#..##............
...................####.........#
.##....)..).[......# ###.....###
###.........[......# #######
##......)))).[#..################
#.#.......)....).................


You could see an orc knight, an orc high priest, a sixfirhy and 3 orcs.

Vanquished Creatures
  Erolcha (D:11)
  2 hydras
  A catoblepas (Lair:6)
  2 two-headed ogres
  A death yak (Lair:6)
  2 orc high priests
  Sonja (D:12)
  4 skeletal warriors (D:12)
  The ghost of tidbits the Martial Artist, a novice DgTm (Lair:1)
  5 orc knights
  3 cyclopes
  Psyche (D:12)
  5 elephants
  6 black mambas
  A gargoyle (D:11)
  4 spiny frogs
  A torpor snail (Lair:5)
  A rime drake (Lair:4)
  7 komodo dragons
  4 guardian mummies (D:12)
  A jumping spider (Lair:2)
  2 trolls
  3 slime creatures (D:7)
  A hornet (D:11)
  4 blink frogs
  5 hippogriffs
  A dream sheep (Lair:5)
  4 redbacks (Lair:2)
  4 wyverns
  25 yaks
  4 basilisks
  2 hungry ghosts (D:10)
  4 steam dragons
  7 wargs
  2 vampire mosquitoes (D:12)
  2 insubstantial wisps (D:10)
  An acid dragon (D:12)
  7 porcupines
  6 water moccasins
  28 orc warriors
  2 ice beasts
  10 sky beasts
  A black bear (D:7)
  2 eyes of draining
  2 phantoms
  13 ogres
  3 wolves (Lair:1)
  7 centaurs
  13 crocodiles
  4 big kobolds
  8 bullfrogs
  A gnoll sergeant (D:11)
  5 jellies
  A wyvern skeleton (D:8)
  A water moccasin skeleton (D:8)
  7 scorpions
  9 killer bees (D:10)
  5 howler monkeys (D:10)
  3 crimson imps
  3 bullfrog zombies
  5 centaur skeletons
  3 quasits
  A centaur zombie (D:8)
  11 hounds
  25 orc wizards
  A gnoll shaman (D:4)
  Crazy Yiuf (D:5)
  A bullfrog skeleton (D:8)
  24 orc priests
  2 iguanas
  8 worker ants
  4 mummies (D:12)
  2 hound skeletons
  2 hound zombies
  A howler monkey zombie (D:7)
  A worker ant zombie (D:5)
  7 gnolls
  A howler monkey skeleton (D:4)
  13 adders
  A shadow imp (D:8)
  2 oozes
  An adder zombie (D:5)
  2 worms
  4 dart slugs
  8 leopard geckos
  96 orcs
  5 giant cockroaches
  15 goblins
  6 hobgoblins
  23 jackals
  2 quokkas
  3 ball pythons (D:4)
  8 bats
  3 frilled lizards
  A jackal zombie (D:7)
  13 kobolds
  2 quokka zombies
  13 rats
  A plant (Lair:4)
588 creatures vanquished.

Vanquished Creatures (collateral kills)
  Harold (Lair:4)
  4 hydras
  2 catoblepae (Lair:6)
  5 death yaks (Lair:6)
  2 two-headed ogres
  The ghost of ThereIsNoGod the Geomancer, a journeyman SpEE of Sif Muna (D:11)
  2 orc sorcerers
  2 manticores (Lair:6)
  16 elephants
  A centaur zombie (D:11)
  2 black mambas
  3 spiny frogs
  A rime drake (Lair:6)
  5 komodo dragons
  2 trolls (D:11)
  6 hippogriffs
  6 dream sheep (Lair:6)
  9 blink frogs
  A wyvern (D:11)
  20 yaks
  A vampire (D:11)
  A basilisk (Lair:5)
  10 wargs
  7 water moccasins
  2 porcupines
  5 orc warriors
  A sky beast (D:11)
  A phantom (D:11)
  2 ice beasts
  3 wolves (Lair:6)
  4 ogres
  A centaur (D:11)
  A crocodile (Lair:6)
  4 bullfrogs
  3 big kobolds (D:11)
  A gnoll sergeant (D:11)
  A crimson imp (D:11)
  A jelly (D:11)
  4 orc priests
  2 worker ants (D:12)
  5 gnolls (D:11)
  An adder (D:11)
  40 orcs
  5 fungi
  6 plants
203 creatures vanquished.

Vanquished Creatures (others)
  3 orcs
  13 fungi (Lair:6)
  8 plants (Lair:6)
24 creatures vanquished.

Grand Total: 815 creatures vanquished

Notes
Turn   | Place    | Note
-------+----------+-------------------------------------------
     0 | D:1      | Mesmaeker13 the Deep Elf Conjurer began the quest for the Orb.
     0 | D:1      | Reached XP level 1. HP: 10/10 MP: 6/6
   326 | D:1      | Reached XP level 2. HP: 15/15 MP: 0/8
   817 | D:1      | Reached XP level 3. HP: 19/19 MP: 5/9
   821 | D:1      | Learned a level 2 spell: Searing Ray
   978 | D:1      | Reached skill level 5 in Conjurations
  1335 | D:2      | Reached XP level 4. HP: 24/24 MP: 5/11
  2113 | D:2      | Learned a level 4 spell: Iskenderun's Mystic Blast
  2467 | D:3      | Reached XP level 5. HP: 22/28 MP: 3/13
  3062 | D:4      | Reached skill level 5 in Spellcasting
  3070 | D:5      | Entered Level 5 of the Dungeon
  3185 | D:5      | Reached skill level 5 in Dodging
  3185 | D:5      | Reached XP level 6. HP: 32/32 MP: 7/15
  3541 | D:5      | Noticed a yak
  3543 | D:5      | Noticed a yak
  3751 | D:4      | Reached XP level 7. HP: 22/36 MP: 12/17
  4532 | D:5      | Found Hecucic's Weapon Shoppe.
  4553 | D:5      | Found Novet's Magic Scroll Shop.
  4556 | D:5      | Bought 2 scrolls of identify for 40 gold pieces
  4556 | D:5      | Bought a scroll of identify for 20 gold pieces
  4611 | D:5      | Reached skill level 1 in Shields
  4719 | D:5      | Noticed a yak
  4729 | D:5      | Noticed a yak
  4757 | D:5      | Killed a yak
  4901 | D:5      | Reached XP level 8. HP: 33/41 MP: 14/19
  6012 | D:5      | Found Veyveunaa's Jewellery Shop.
  6261 | D:5      | Learned a level 4 spell: Force Lance
  6271 | D:5      | Found Hopemp's Assorted Antiques.
  6279 | D:5      | Bought an ivory ring for 100 gold pieces
  6428 | D:5      | Found a sparkling altar of Nemelex Xobeh.
  6620 | D:5      | Found Biequr Kaig's Book Shoppe.
  6716 | D:5      | Found a runed door.
  6720 | D:5      | Noticed Crazy Yiuf
  6724 | D:5      | Killed Crazy Yiuf
  6863 | D:5      | Reached skill level 1 in Translocations
  7194 | D:6      | Reached XP level 9. HP: 45/45 MP: 11/20
  7424 | D:6      | Found a staircase to the Ecumenical Temple.
  7447 | Temple   | Entered the Ecumenical Temple
  7563 | Temple   | Became a worshipper of Kikubaaqudgha
  7755 | D:6      | Found a snail-covered altar of Cheibriados.
  7798 | D:6      | Found a bloodstained altar of Trog.
  8179 | D:6      | Reached skill level 1 in Necromancy
  9474 | D:7      | Reached * piety under Kikubaaqudgha
  9474 | D:7      | Identified Kikubaaqudgha's Tome of Black Arts (Kikubaaqudgha gifted it to you on level 7 of the Dungeon)
  9474 | D:7      | Received a gift from Kikubaaqudgha
  9492 | D:7      | Learned a level 3 spell: Regeneration
 10304 | D:7      | Reached skill level 5 in Translocations
 10632 | D:7      | Reached XP level 10. HP: 46/50 MP: 16/21
 11064 | D:8      | Found a glowing golden altar of the Shining One.
 11179 | D:8      | Found a basalt altar of Yredelemnul.
 11237 | D:8      | Reached skill level 10 in Dodging
 11237 | D:8      | Reached skill level 10 in Conjurations
 11296 | D:8      | Reached skill level 5 in Necromancy
 11331 | D:8      | Reached ** piety under Kikubaaqudgha
 12352 | D:9      | Got an iridescent quarterstaff
 12554 | D:9      | Found a sparkling altar of Nemelex Xobeh.
 12905 | D:9      | Found a white marble altar of Elyvilon.
 13812 | D:10     | Entered Level 10 of the Dungeon
 13824 | D:10     | Reached *** piety under Kikubaaqudgha
 13824 | D:10     | Identified Kikubaaqudgha's Almanac of Dark Rituals (Kikubaaqudgha gifted it to you on level 10 of the Dungeon)
 13824 | D:10     | Received a gift from Kikubaaqudgha
 13836 | D:9      | Learned a level 5 spell: Bolt of Draining
 14171 | D:10     | Reached XP level 11. HP: 45/54 MP: 14/26
 14697 | D:10     | Learned a level 6 spell: Death Channel
 15332 | D:10     | Reached skill level 10 in Spellcasting
 15515 | D:10     | Reached **** piety under Kikubaaqudgha
 15531 | D:10     | Reached skill level 1 in Charms
 16362 | D:10     | Found a staircase to the Lair.
 16404 | Lair:1   | Entered Level 1 of the Lair of Beasts
 16628 | Lair:1   | Reached skill level 10 in Necromancy
 16700 | Lair:1   | Noticed tidbits's ghost (novice DgTm)
 16719 | Lair:1   | Killed tidbits's ghost
 16719 | Lair:1   | Reached skill level 5 in Charms
 17403 | Lair:1   | Learned a level 2 spell: Corpse Rot
 17546 | Lair:2   | Found a staircase to the Swamp.
 17951 | Lair:2   | Found a hole to the Spider Nest.
 17971 | Lair:2   | Reached XP level 12. HP: 59/59 MP: 4/28
 18636 | Lair:2   | Noticed a five-headed hydra
 18641 | Lair:2   | Killed a five-headed hydra
 19274 | Lair:3   | Noticed a seven-headed hydra
 19281 | Lair:3   | Killed a seven-headed hydra
 19822 | Lair:3   | Reached ***** piety under Kikubaaqudgha
 20312 | Lair:4   | Noticed Harold
 20355 | Lair:4   | Killed Harold
 20355 | Lair:4   | Reached skill level 15 in Dodging
 21003 | Lair:5   | Reached XP level 13. HP: 63/63 MP: 9/29
 21364 | Lair:5   | Found a viscous altar of Jiyva.
 21365 | Lair:5   | Found a staircase to the Slime Pits.
 21882 | Lair:6   | Entered Level 6 of the Lair of Beasts
 22482 | Lair:6   | Reached skill level 15 in Necromancy
 22733 | Lair:6   | Reached ****** piety under Kikubaaqudgha
 23943 | D:11     | Reached XP level 14. HP: 68/68 MP: 24/30
 24214 | D:11     | Reached skill level 1 in Armour
 24233 | D:11     | Noticed Erolcha
 24235 | D:11     | Killed Erolcha
 24497 | D:11     | Found a staircase to the Orcish Mines.
 24725 | D:11     | Noticed ThereIsNoGod's ghost (journeyman SpEE)
 24790 | D:11     | Killed ThereIsNoGod's ghost
 25342 | Lair:1   | Learned a level 5 spell: Dispel Undead
 25712 | D:12     | Noticed Sonja
 25722 | D:12     | Cast into level 1 of the Abyss (Sonja)
 25726 | Abyss:1  | Learned a level 2 spell: Blink
 25763 | D:12     | Escaped the Abyss
 25777 | D:12     | Killed Sonja
 25896 | D:12     | Noticed Psyche
 25917 | D:12     | Killed Psyche
 26140 | D:12     | Noticed a reaper
 26140 | D:12     | Noticed a reaper
 26140 | D:12     | Noticed a reaper
 26140 | D:12     | Noticed a reaper
 26141 | D:12     | Noticed a reaper
 26381 | D:12     | Reached skill level 5 in Armour
 26560 | Orc:1    | Entered Level 1 of the Orcish Mines
 26995 | Orc:1    | Found a roughly hewn altar of Beogh.
 27018 | Orc:1    | Found Pesicke's Quality Used Wands.
 27270 | Orc:2    | Entered Level 2 of the Orcish Mines
 27391 | Orc:2    | Found a staircase to the Elven Halls.
 28599 | Orc:2    | Slain by a sixfirhy

Skill      XL: |  1  2  3  4  5  6  7  8  9 10 11 12 13 14 |
---------------+-------------------------------------------+-----
Dodging        | 3 4 5 7 8 9 11 13 15 17 | 17.1
Conjurations   | 5 6 7 8 9 10 | 10.5
Spellcasting   | 4 5 6 9 10 | 10.0
Shields        | 1 3 4 |  4.0
Translocations | 2 5 |  5.0
Necromancy     | 4 7 10 13 15 17 | 17.4
Charms         | 5 |  5.1
Armour         | 5 |  5.6
Stealth        | |  2.4

Action                   |  1- 3 |  4- 6 |  7- 9 | 10-12 | 13-15 || total
-------------------------+-------+-------+-------+-------+-------++-------
Melee: Unarmed           |    10 |       |       |       |       ||    10
       Spear             |    12 |    17 |       |       |       ||    29
       Short sword       |       |       |    58 |   322 |   418 ||   798
       Whip              |       |       |     1 |       |       ||     1
       Mace              |       |       |    12 |    40 |       ||    52
       Scimitar          |       |       |       |     2 |       ||     2
Throw: Throwing net      |       |       |     1 |       |       ||     1
 Cast: Magic Dart        |    69 |    53 |    71 |    33 |       ||   226
       Searing Ray       |     3 |    17 |    68 |    48 |       ||   136
       Iskenderun's Myst |       |     6 |    16 |    64 |       ||    86
       Force Lance       |       |       |     5 |    34 |    20 ||    59
       Bolt of Draining  |       |       |       |   104 |   186 ||   290
       Regeneration      |       |       |       |     4 |    20 ||    24
       Death Channel     |       |       |       |    10 |    42 ||    52
       Corpse Rot        |       |       |       |     1 |     1 ||     2
       Dispel Undead     |       |       |       |       |    24 ||    24
Evoke: Wand              |       |     3 |     6 |     1 |       ||    10
  Use: Scroll            |       |     3 |     8 |    10 |     7 ||    28
       Potion            |       |       |     2 |     1 |     4 ||     7
 Stab: Sleeping          |     1 |       |     2 |     1 |     1 ||     5
       Distracted        |       |       |     1 |       |    11 ||    12
  Eat: Chunk             |     1 |     8 |    21 |    48 |    60 ||   138
       Bread ration      |       |       |     1 |     1 |     4 ||     6
       Fruit             |       |       |       |     3 |       ||     3
       Meat ration       |       |       |       |     1 |       ||     1
Armor: Robe              |     4 |     3 |     9 |       |       ||    16
       Leather armour    |       |       |    23 |    89 |    57 ||   169
Dodge: Dodged            |    34 |    37 |   158 |   378 |   415 ||  1022
Block: Buckler           |       |       |    35 |   187 |   153 ||   375
